 Dungeon Crawl Stone Soup version 0.21.1-1-g345015f (webtiles) character file.

247 inc the Digger (level 6, -1/36 HPs)
             Began as an Octopode Earth Elementalist on June 11, 2018.
             Succumbed to Ijyb's poison
             ... on level 3 of the Dungeon.
             The game lasted 00:03:45 (2406 turns).

inc the Digger (Octopode Earth Elementalist)        Turns: 2406, Time: 00:03:46

Health: -1/36      AC:  3    Str: 12    XL:     6   Next: 11%
Magic:  6/9        EV: 13    Int: 20    God:
Gold:   131        SH:  0    Dex: 12    Spells: 3/9 levels left

rFire    . . .     SeeInvis .   j - +0 spear
rCold    . . .     Gourm    .   (no shield)
rNeg     . . .     Faith    .   (helmet restricted)
rPois    +         Spirit   .   e - amulet of rage
rElec    .         Reflect  .   (no ring)
rCorr    .         Harm     .   (no ring)
MR       +....                  (no ring)
Stlth    +++.......             (no ring)
HPRegen  0.12/turn              (no ring)
MPRegen  0.11/turn              (no ring)
                                (no ring)
                                (no ring)

@: mighty, lethally poisoned (-1 -> -21), berserk cooldown, hasted and slowed
A: almost no armour, stealthy swim, amphibious, 8 rings, constrict 8, thin
metallic scales 1, camouflage 1, magic resistance 1, poison resistance,
gelatinous body 1
a: Evoke Berserk Rage


You were on level 3 of the Dungeon.
You were very hungry.

You visited 1 branch of the dungeon, and saw 3 of its levels.

You collected 131 gold pieces.

Inventory:

Hand Weapons
 j - a +0 spear (weapon)
Missiles
 b - 56 stones (quivered)
Jewellery
 e - an amulet of rage (around mantle)
Wands
 r - a wand of clouds (2)
Scrolls
 f - a scroll of teleportation
 i - 2 scrolls of identify {unknown}
 m - a scroll of enchant armour {unknown}
 n - 3 scrolls of magic mapping {unknown}
 p - a scroll of remove curse {unknown}
 q - a scroll of blinking {unknown}
Potions
 a - a potion of agility
 g - a potion of cancellation
 l - a potion of mutation
Books
 d - a book of Geomancy

   Spells                             Type                      Level
   a - Sandblast                      Earth                        1
   b - Passwall                       Transmutation/Earth          2
   c - Stone Arrow                    Conjuration/Earth            3
   d - Petrify                        Transmutation/Earth          4
   e - Lee's Rapid Deconstruction     Earth                        5
Comestibles
 c - 5 rations


   Skills:
 - Level 2.0 Dodging
 - Level 2.6 Stealth
 - Level 2.0 Spellcasting
 - Level 1.0 Transmutations
 + Level 6.6 Earth Magic


You had 3 spell levels left.
You knew the following spells:

 Your Spells              Type           Power        Failure   Level  Hunger
a - Sandblast             Erth           ####..       1%          1    #......
b - Passwall              Tmut/Erth      ###.......   4%          2    ##.....
c - Stone Arrow           Conj/Erth      ###...       12%         3    ###....


Dungeon Overview and Level Annotations

Branches:
Dungeon (3/15)

Altars:
Makhleb
Nemelex Xobeh
Okawaru
Zin


Innate Abilities, Weirdness & Mutations

You cannot wear most types of armour.
You are very stealthy in the water. (Stealth+)
You are amphibious.
You can wear up to eight rings at the same time.
You can use your tentacles to constrict eight enemies at once.
Your skin changes colour to match your surroundings (Stealth+).
Your rubbery body absorbs attacks. (AC +1, EV +1)
You are partially covered in thin metallic scales. (AC +2)
You are resistant to hostile enchantments. (MR+)
Your system is resistant to poisons. (rPois)


Message History

You feel yourself moving faster!
You feel mighty!
* * * LOW HITPOINT WARNING * * *
You feel sick.
You are too berserk!
You feel a strong urge to attack something.
* * * LOW HITPOINT WARNING * * *
You feel sick.
* * * LOW HITPOINT WARNING * * *
You feel sick.
You feel your anger nearly subside.
* * * LOW HITPOINT WARNING * * *
You feel sick.
You are no longer berserk.
You are exhausted.
You feel yourself slow down.
* * * LOW HITPOINT WARNING * * *
You feel sick.
It was a potion of might.
You feel very mighty all of a sudden.
You die...

#.. #.# ... #.#
#.# #..#### #.#
#.....###)# ...
..>##@# #.#
#..##.# #.#
#..##.# #.#
#..##†#
##.###..##.#
#######..........#
.........###..####
########.# #..#
#.# #..#


There were no monsters in sight!

Vanquished Creatures
  Sigmund (D:2)
  Ijyb (D:3)
  An adder (D:2)
  An ooze (D:2)
  A dart slug (D:1)
  3 leopard geckos (D:1)
  2 giant cockroaches
  5 goblins (D:1)
  3 hobgoblins (D:1)
  13 jackals
  2 kobolds (D:1)
  A ball python (D:2)
  3 bats (D:1)
  3 frilled lizards
  8 rats
48 creatures vanquished.

Notes
Turn   | Place    | Note
-------+----------+-------------------------------------------
     0 | D:1      | inc the Octopode Earth Elementalist began the quest for the Orb.
     0 | D:1      | Reached XP level 1. HP: 11/11 MP: 3/3
   275 | D:1      | Reached XP level 2. HP: 17/17 MP: 3/5
   311 | D:1      | Found a sparkling altar of Nemelex Xobeh.
   474 | D:1      | Reached skill level 4 in Earth Magic
   477 | D:1      | Reached XP level 3. HP: 12/21 MP: 1/6
  1414 | D:2      | Noticed Sigmund
  1432 | D:2      | Found a sparkling altar of Nemelex Xobeh.
  1725 | D:2      | Learned a level 2 spell: Passwall
  1729 | D:2      | Learned a level 3 spell: Stone Arrow
  1786 | D:2      | Killed Sigmund
  1786 | D:2      | Reached skill level 6 in Earth Magic
  1786 | D:2      | Reached XP level 4. HP: 27/27 MP: 0/7
  1786 | D:2      | Reached XP level 5. HP: 31/31 MP: 0/8
  1927 | D:2      | Found a burning altar of Makhleb.
  2074 | D:2      | Found an iron altar of Okawaru.
  2196 | D:2      | Found a glowing silver altar of Zin.
  2371 | D:3      | Reached XP level 6. HP: 36/36 MP: 9/9
  2372 | D:3      | Noticed Ijyb
  2398 | D:3      | Killed Ijyb
  2399 | D:3      | Gained mutation: You are partially covered in thin metallic scales. (AC +2) [potion of mutation]
  2399 | D:3      | Gained mutation: You are resistant to hostile enchantments. (MR+) [potion of mutation]
  2399 | D:3      | Gained mutation: Your system is resistant to poisons. (rPois) [potion of mutation]
  2405 | D:3      | HP: 1/36 [poisoned by Ijyb]
  2406 | D:3      | Succumbed to Ijyb's poison

Skill      XL: |  1  2  3 |
---------------+----------+-----
Earth Magic    | 4 6 |  6.6
Dodging        | |  2.0
Stealth        | |  2.6
Spellcasting   | |  2.0
Transmutations | |  1.0

Action                   |  1- 3 |  4- 6 || total
-------------------------+-------+-------++-------
Melee: Unarmed           |    58 |       ||    58
       Constrict         |    26 |     3 ||    29
       Tentacles         |    15 |     3 ||    18
       Spear             |    31 |    29 ||    60
 Cast: Sandblast         |    17 |     6 ||    23
       Stone Arrow       |     1 |       ||     1
  Use: Scroll            |     1 |       ||     1
       Potion            |       |     6 ||     6
 Stab: Sleeping          |     8 |     2 ||    10
  Eat: Chunk             |     3 |     1 ||     4
Armor: Skin              |    13 |     1 ||    14
Dodge: Dodged            |    62 |    16 ||    78
